Map: Sandstorm CE

Players

Tirion - Winner!

  • Race: Zerg Zerg
  • Spawn Location: 11:00

GRANT - Winner!

  • Race: Terran Terran
  • Spawn Location: 11:00

Fartanis - Winner!

  • Race: Protoss Protoss
  • Spawn Location: 11:00

VOD

Have the link to the VOD?

Description

Time

  • Played on: Jan. 4, 2026, 9:52 a.m.
  • Length: 23:02
Show
View Real Time Build Order
Export as new Build Order

Tirion Zerg - Winner!

Build Orders:  

Get SALT Encoding   

  12  0:01  Drone  
  13  0:12  Drone  
  14  0:48  Hatchery  
  13  0:55  Drone  
  14  1:18  Overlord  
  14  1:41  Hatchery  
  12  1:50  Drone x2  
  13  1:58  Extractor  
  14  2:01  Extractor  
  14  2:02  Drone  
  14  2:11  Drone  
  15  2:29  Drone x2  
  17  3:02  Drone x4  
  21  3:22  Drone  
  21  3:23  Drone x3  
  25  3:34  Spawning Pool  
  24  3:47  Drone x4  
  28  4:05  Extractor  
  28  4:06  Extractor  
  26  4:52  Drone x3  
  26  4:53  Drone x5  
  26  4:55  Overlord  
  34  5:21  Lair  
  34  5:24  Drone  
  34  5:25  Extractor, Drone x5  
  39  5:31  Extractor  
  38  5:49  Drone x3  
  41  6:01  Drone  
  41  6:03  Overlord  
  41  6:04  Overlord  
  42  6:24  Spire  
  42  6:27  Spire  
  40  6:35  Infestation Pit  
  39  6:40  Drone x5  
  39  6:41  Drone x4  
  48  7:27  Drone  
  48  7:28  Drone x5  
  48  7:29  Drone x3  
  57  7:46  Overlord x2  
  57  7:47  Overlord  
  57  8:19  Drone  
  58  8:20  Drone x2  
  58  8:28  Drone  
  58  8:29  Drone x2  
  63  8:33  Mutalisk x3  
  69  9:22  Mutalisk x3  
  69  9:23  Mutalisk x3  
  69  9:25  Overlord  
  69  9:26  Overlord x2  
  81  9:46  Zerg Flyer Weapons Level 1  
  81  9:49  Zerg Flyer Armor Level 1  
  81  10:24  Hive  
  81  10:53  Mutalisk x2  
  81  10:54  Mutalisk x5  
  81  10:55  Mutalisk x2  
  99  11:15  Drone x3  
  102  11:26  Hatchery  
  101  11:33  Extractor  
  101  11:35  Extractor  
  101  11:38  Drone  
  101  11:39  Drone  
  101  11:42  Overlord x4  
  101  12:03  Drone x3  
  104  12:10  Drone x3  
  107  12:58  Drone x2  
  107  12:59  Drone  
  110  13:01  Drone  
  110  13:02  Drone  
  110  13:03  Drone  
  110  13:05  Drone x2  
  110  13:06  Drone  
  116  13:27  Zerg Flyer Weapons Level 2  
  116  13:31  Zerg Flyer Armor Level 2  
  116  13:43  Mutalisk x5  
  116  13:44  Mutalisk x4  
  134  13:52  Overlord x3  
  134  14:39  Mutalisk  
  134  14:40  Mutalisk x5  
  134  14:41  Mutalisk x4  
  134  14:42  Mutalisk x2  
  156  15:43  Mutalisk x4  
  156  15:44  Mutalisk  
  156  15:45  Overlord x3  
  156  15:46  Overlord x2  
  166  16:47  Hatchery  
  166  16:48  Extractor  
  164  16:52  Extractor  
  163  17:18  Zerg Flyer Weapons Level 3  
  163  17:21  Zerg Flyer Armor Level 3  
  159  18:17  Mutalisk  
  159  18:18  Mutalisk x5  
  159  18:19  Mutalisk x4  
  111  18:20  Mutalisk x2  
  173  19:30  Mutalisk  
  173  19:31  Mutalisk x5  
  173  19:32  Mutalisk x5  
  173  19:33  Mutalisk x3  
  191  20:18  Hatchery  
  190  20:21  Mutalisk x2  
  190  20:22  Mutalisk x4  
  190  20:23  Extractor  
  199  20:30  Extractor  
  198  20:42  Spine Crawler  
  198  20:44  Spine Crawler x2  
  198  20:45  Spine Crawler x2  
  198  20:47  Spine Crawler x2  
  191  20:53  Spine Crawler x2  
  191  20:54  Spine Crawler x3  
  191  20:55  Spine Crawler  
  191  20:56  Spine Crawler  
  184  21:00  Spine Crawler  
  184  21:05  Spine Crawler  
  184  21:06  Spine Crawler  
  184  21:08  Spine Crawler  
  180  21:10  Spine Crawler  
  180  21:11  Spine Crawler  
  180  21:12  Spine Crawler  
  180  21:17  Mutalisk x4  
  180  21:18  Mutalisk x4  
  180  21:19  Mutalisk x3  
Show
View Real Time Build Order
Export as new Build Order

GRANT Terran - Winner!

Build Orders:  

Get SALT Encoding   

  12  0:01  SCV  
  13  0:55  Command Center  
  13  1:14  Supply Depot  
  13  1:16  SCV  
  14  1:33  SCV  
  15  1:40  Refinery  
  15  2:01  Barracks  
  15  2:11  Supply Depot  
  15  2:12  SCV  
  16  2:29  SCV, Refinery  
  17  2:45  SCV  
  17  2:49  SCV  
  19  3:02  SCV  
  19  3:06  SCV  
  21  3:39  SCV x2, Factory  
  23  3:56  SCV x2  
  25  4:10  Marine  
  25  4:13  SCV x2  
  28  4:22  Refinery  
  28  4:27  Refinery  
  28  4:30  SCV x2  
  30  4:47  SCV x2  
  32  5:05  SCV  
  32  5:06  SCV  
  32  5:09  Factory Tech Lab  
  34  5:22  SCV  
  34  5:23  SCV, Starport  
  34  5:25  Starport  
  36  5:39  SCV  
  35  5:40  SCV  
  38  5:56  SCV x2  
  40  6:33  Starport Tech Lab x2  
  40  6:39  Fusion Core  
  40  6:43  SCV x2  
  40  6:44  Engineering Bay  
  42  7:00  SCV x2  
  42  7:05  Armory  
  44  7:11  Supply Depot  
  44  7:12  Supply Depot  
  44  7:17  SCV x2  
  46  7:41  SCV x2  
  46  7:42  Siege Tank  
  46  7:46  Supply Depot  
  46  7:47  Supply Depot  
  54  7:58  SCV x2  
  59  8:20  Supply Depot  
  59  8:21  Supply Depot  
  59  8:34  Orbital Command  
  59  8:41  Orbital Command  
  59  8:42  Unknown  
  59  8:53  Supply Depot  
  59  8:54  Supply Depot  
  59  8:57  Structure Armor  
  62  9:12  Unknown  
  62  9:15  Command Center  
  62  9:18  Refinery  
  65  10:06  Unknown  
  65  10:12  Unknown  
  64  10:30  Battlecruiser x2  
  77  10:46  SCV x2  
  79  11:02  Supply Depot x3  
  79  11:03  SCV x2  
  79  11:09  Terran Ship Weapons Level 1  
  81  11:20  SCV x2  
  81  11:21  Starport  
  81  11:25  Starport, Hi-Sec Auto Tracking  
  81  11:27  Starport  
  83  11:32  Planetary Fortress  
  83  11:36  Supply Depot  
  83  11:37  SCV x2, Supply Depot  
  85  11:41  Supply Depot  
  85  11:46  Refinery  
  85  11:54  SCV x2  
  87  12:04  Battlecruiser  
  93  12:11  SCV x2, Supply Depot x2  
  93  12:17  Supply Depot  
  95  12:20  Starport Tech Lab x3  
  95  12:24  Starport  
  95  12:27  SCV  
  95  12:28  SCV  
  92  12:44  SCV  
  92  12:45  SCV  
  93  12:51  Supply Depot  
  92  13:02  SCV  
  92  13:19  SCV  
  93  13:24  Battlecruiser x3  
  111  13:36  SCV  
  112  13:47  SCV  
  112  13:48  SCV  
  112  13:49  Terran Vehicle And Ship Armor Level 1  
  114  13:53  SCV  
  115  14:04  SCV x2  
  117  14:10  SCV  
  118  14:21  SCV x2  
  118  14:27  SCV, Battlecruiser x2  
  133  14:38  SCV  
  134  16:16  SCV x3  
  137  16:23  Battlecruiser x4  
  137  16:29  Terran Ship Weapons Level 2  
  161  16:30  Command Center  
  161  16:35  Refinery  
  161  16:42  Refinery  
  152  17:28  Battlecruiser  
  158  17:51  SCV  
  158  17:53  SCV x2, Battlecruiser  
  167  18:08  SCV  
  110  18:10  SCV x2  
  170  18:25  SCV  
  170  18:26  SCV  
  170  18:27  SCV  
  170  18:29  Battlecruiser x2  
  185  18:30  Battlecruiser  
  185  18:46  Orbital Command  
  185  18:48  SCV  
  185  18:49  SCV x2  
  182  19:05  SCV  
  182  19:06  SCV x2  
  179  19:22  SCV  
  179  19:23  SCV  
  181  19:39  Terran Vehicle And Ship Armor Level 2  
  181  20:06  Command Center  
  175  20:28  Refinery  
  175  20:32  Battlecruiser  
  175  20:33  Battlecruiser x3  
Show
View Real Time Build Order
Export as new Build Order

Fartanis Protoss - Winner!

Build Orders:  

Get SALT Encoding   

  12  0:03  Probe (Chrono Boost)  
  14  0:20  Probe (Chrono Boost)  
  14  0:25  Pylon  
  14  0:37  Probe (Chrono Boost)  
  15  0:54  Probe (Chrono Boost), Assimilator  
  16  1:15  Probe (Chrono Boost)  
  18  1:31  Probe (Chrono Boost)  
  18  1:45  Nexus  
  19  1:52  Probe (Chrono Boost)  
  19  1:55  Assimilator  
  19  2:09  Probe (Chrono Boost)  
  20  2:23  Gateway  
  20  2:26  Probe (Chrono Boost)  
  21  2:43  Probe (Chrono Boost)  
  22  2:55  Pylon  
  23  3:01  Probe (Chrono Boost)  
  23  3:23  Probe (Chrono Boost)  
  24  3:36  Cybernetics Core  
  24  3:38  Probe (Chrono Boost)  
  23  3:40  Probe (Chrono Boost)  
  26  3:52  Nexus  
  26  3:55  Zealot, Probe (Chrono Boost)  
  26  3:56  Probe (Chrono Boost)  
  30  4:12  Probe (Chrono Boost)  
  30  4:15  Probe (Chrono Boost)  
  32  4:29  Probe (Chrono Boost)  
  34  4:32  Probe (Chrono Boost)  
  34  4:33  Zealot  
  34  4:36  Twilight Council  
  36  4:46  Probe (Chrono Boost)  
  38  4:51  Probe (Chrono Boost)  
  38  5:02  Pylon  
  38  5:03  Probe (Chrono Boost)  
  38  5:06  Warp Gate  
  38  5:07  Probe (Chrono Boost)  
  40  5:11  Zealot  
  42  5:28  Probe x2 (Chrono Boost)  
  44  5:34  Assimilator  
  44  5:36  Assimilator  
  44  5:39  Probe (Chrono Boost)  
  45  5:45  Probe x2 (Chrono Boost)  
  45  5:49  Zealot, Templar Archives  
  49  5:56  Probe (Chrono Boost)  
  50  6:02  Probe x2 (Chrono Boost)  
  52  6:14  Probe (Chrono Boost)  
  52  6:19  Probe x2 (Chrono Boost)  
  56  6:31  Probe (Chrono Boost)  
  56  6:35  Charge  
  56  6:36  Probe x2 (Chrono Boost)  
  58  6:46  Nexus  
  58  6:48  Probe (Chrono Boost)  
  59  6:53  Probe x2 (Chrono Boost)  
  59  6:57  Pylon  
  61  7:04  Pylon  
  61  7:05  Probe (Chrono Boost)  
  61  7:09  High Templar  
  66  7:10  Probe x2 (Chrono Boost)  
  66  7:22  Probe (Chrono Boost)  
  66  7:27  Probe x2 (Chrono Boost)  
  69  7:36  Gateway x2  
  69  7:39  Gateway, Probe (Chrono Boost)  
  70  7:45  Gateway  
  70  7:46  Psionic Storm  
  70  7:52  Pylon  
  70  7:55  High Templar  
  72  8:10  Forge  
  72  8:12  Forge  
  72  8:15  Forge  
  72  8:18  Cybernetics Core  
  75  8:21  Probe x3 (Chrono Boost)  
  75  8:22  Assimilator  
  75  8:25  Assimilator  
  75  8:34  Archon  
  75  8:38  Probe x3 (Chrono Boost)  
  79  8:40  Probe (Chrono Boost)  
  79  8:46  High Templar  
  81  8:54  Probe (Chrono Boost)  
  81  8:55  Probe x2 (Chrono Boost)  
  81  8:56  Protoss Ground Armor Level 1, Protoss Ground Weapons Level 1, Protoss Shields Level 1  
  81  8:57  Probe (Chrono Boost)  
  88  9:10  Pylon  
  88  9:11  Probe (Chrono Boost)  
  88  9:12  Probe x2 (Chrono Boost)  
  88  9:13  Pylon  
  88  9:14  Probe (Chrono Boost)  
  88  9:19  Pylon  
  89  9:27  High Templar  
  89  9:28  Zealot x2, Probe (Chrono Boost)  
  89  9:29  Probe x2 (Chrono Boost)  
  99  9:31  Probe (Chrono Boost)  
  99  9:34  Gateway  
  99  9:36  Gateway  
  99  9:38  Blink  
  99  9:39  Gateway  
  99  9:46  Probe x3 (Chrono Boost)  
  99  9:48  Probe (Chrono Boost)  
  103  9:54  Assimilator  
  103  9:57  High Templar x2  
  103  9:59  Assimilator  
  107  10:01  Zealot x2  
  107  10:03  Probe x3 (Chrono Boost)  
  107  10:05  Archon x2, Probe (Chrono Boost)  
  115  10:24  Gateway  
  115  10:26  Gateway  
  115  10:28  Robotics Facility  
  115  10:32  Gateway  
  115  10:35  Gateway  
  115  10:36  Gateway  
  115  10:46  Gateway  
  115  11:01  Gateway  
  115  11:15  Protoss Shields Level 2, Protoss Ground Armor Level 2, Protoss Ground Weapons Level 2  
  115  11:16  High Templar  
  115  11:17  High Templar  
  115  11:19  Zealot x3  
  125  11:20  Zealot x3  
  125  11:22  Archon  
  131  11:35  Pylon  
  131  11:37  Pylon  
  131  11:39  Pylon  
  131  11:41  Pylon  
  131  11:54  Pylon  
  131  11:55  Pylon  
  131  11:58  Pylon  
  131  12:00  Pylon  
  131  12:01  Observer  
  131  12:09  High Templar  
  134  12:10  High Templar  
  134  12:11  High Templar x2  
  134  12:13  Zealot x6  
  134  12:16  Archon  
  134  12:17  Archon  
  152  12:27  High Templar  
  152  12:28  High Templar  
  152  12:29  Zealot x2  
  160  12:30  Zealot  
  160  12:31  Warp Prism  
  151  12:46  Zealot x5  
  151  12:47  Zealot  
  147  12:58  Zealot x4  
  147  12:59  Zealot x2  
  140  13:04  Unknown  
  131  13:18  High Templar x2  
  131  13:19  Zealot x4  
  139  13:20  Zealot  
  139  13:23  Archon  
  141  13:40  High Templar x2  
  141  13:41  High Templar  
  141  13:42  High Templar  
  141  13:43  Zealot x4  
  141  13:48  Archon x2  
  157  14:04  High Templar  
  157  14:05  High Templar  
  157  14:06  Zealot x5  
  159  14:10  Archon  
  159  14:15  Protoss Ground Weapons Level 3  
  159  14:16  Protoss Ground Armor Level 3, Protoss Shields Level 3  
  159  14:19  Zealot x4  
  133  14:32  Zealot x4  
  133  14:34  Zealot x5  
  147  14:49  High Templar x2  
  151  14:50  Zealot x3  
  151  14:51  Zealot  
  151  14:55  Archon  
  159  15:16  High Templar x2  
  159  15:17  High Templar x2  
  159  15:18  Zealot x6  
  159  15:19  Zealot x3  
  185  15:22  Archon  
  185  15:23  Archon  
  185  15:42  Immortal  
  189  15:51  High Templar x2  
  189  15:52  Zealot  
  195  16:03  Pylon  
  195  16:07  Pylon x2  
  195  16:10  Pylon  
  195  16:13  Pylon  
  195  16:17  Pylon  
  195  16:22  Pylon  
  195  16:34  High Templar  
  195  16:35  High Templar  
  199  16:40  Archon  
  195  17:15  Archon  
  187  17:20  Warp Prism  
  189  18:01  High Templar  
  189  18:02  High Templar x2  
  189  18:03  High Templar  
  189  18:04  Zealot  
  189  18:07  Archon  
  189  18:09  Archon  
  167  18:22  Observer  
  115  18:48  High Templar x2  
  115  18:49  High Templar x2  
  101  18:50  Zealot  
  101  18:51  Zealot x6  
  101  18:52  Zealot x3  
  101  18:53  Zealot  
  101  18:55  Archon x2  
  123  19:07  Gateway  
  123  19:08  Gateway  
  123  19:11  Gateway  
  123  19:13  Gateway  
  123  19:21  High Templar x2  
  123  19:22  High Templar x2  
  123  19:23  Zealot  
  123  19:24  Zealot x3  
  123  19:25  Zealot x3  
  123  19:28  Archon x2  
  145  19:39  High Templar x2  
  149  19:40  Zealot x2  
  149  19:45  Archon  
  153  19:52  Zealot  
  153  19:53  Zealot x4  
  153  19:54  Zealot x2  
  167  20:30  High Templar x2  
  167  20:31  High Templar x2  
  167  20:32  Zealot x6  
  167  20:33  Zealot x6  
  167  20:37  Archon  
  167  20:38  Archon  
  195  21:19  Unknown  
  191  21:50  Observer  
  191  21:53  Zealot x3  
  191  21:54  Zealot x2  
Tags
 
Add a new tag
Caveats
  • Supply blocks, unpowered buildings, or Contaminate may cause inaccurate times.
  • Supply counts are checked every 10 seconds.